 Dungeon Crawl Stone Soup version 0.28-a0-1506-g3893175d92 (webtiles) character file.

Game seed: 9952895762664678566

8 knot the Chopper (level 2, 31/36 HPs)
             Began as a Demonspawn Berserker on Jan 14, 2022.
             Was a Follower of Trog.
             Quit the game on level 1 of the Dungeon.
             The game lasted 00:00:12 (132 turns).

knot the Chopper (Demonspawn Berserker)              Turns: 132, Time: 00:00:12

Health: 31/36      AC:  2    Str: 17    XL:     2   Next: 0%
Magic:  2/2        EV: 12    Int:  8    God:    Trog [*.....]
Gold:   14         SH:  0    Dex: 12    Spells: 1/1 levels left

rFire   . . .      SeeInvis .   a - +0 hand axe
rCold   . . .      Faith    .   (no shield)
rNeg    . . .      Spirit   .   b - +0 animal skin
rPois   .          Reflect  .   (no helmet)
rElec   .          Harm     .   (no cloak)
rCorr   .          Rampage  .   (no gloves)
Will    .....                   (no boots)
Stlth   ..........              (no amulet)
HPRegen 0.12/turn               (no ring)
MPRegen 0.08/turn               (no ring)

@: berserking, very quick
A: spiny 1
a: Renounce Religion, Berserk


You were on level 1 of the Dungeon.
You worshipped Trog.
Trog was aware of your devotion.
You visited 1 branch of the dungeon, and saw 1 of its levels.

You collected 14 gold pieces.

Inventory:

Hand Weapons
 a - a +0 hand axe (weapon)
Missiles
 d - 5 stones (quivered)
Armour
 b - a +0 animal skin (worn)
Potions
 c - a potion of cancellation {unknown}


   Skills:
 - Level 3.0 Fighting
 + Level 3.2 Axes
 - Level 1.7 Armour
 - Level 1.7 Dodging


You had one spell level left.
You didn't know any spells.
Your spell library was empty.

Dungeon Overview and Level Annotations

Branches:
Dungeon (1/15)

Altars:


Innate Abilities, Weirdness & Mutations

You are partially covered in sharp spines.


Message History

A jackal comes into view.
A frilled lizard comes into view.
The frilled lizard hisses angrily.
There are monsters nearby!
You closely miss the jackal. The jackal barely misses you.
A jackal comes into view.
A rat comes into view.
You barely miss the jackal. You hit the bat. The bat completely misses you.
The jackal misses you. x2
You hit the jackal but do no damage. You hit the jackal.
The bat hits you but does no damage. The jackal closely misses you. x2
The bat closely misses you. The jackal closely misses you.
You hit the jackal but do no damage.
The jackal is severely wounded.
You hit the jackal but do no damage. You closely miss the bat.
The bat barely misses you.
The jackal bites you but does no damage.
Unknown command.
A red film seems to cover your vision as you go berserk!
You feel yourself moving faster!
You feel mighty! The bat closely misses you.
The jackal barely misses you. x2; The jackal bites you.
The jackal bites you but does no damage.
You closely miss the jackal.
The jackal is severely wounded.
You hit the jackal. You closely miss the jackal. You hit the jackal.
The bat closely misses you. The jackal barely misses you.
The jackal bites you but does no damage.
The jackal misses you. The jackal bites you.
You slash the jackal!
You kill the jackal!
Trog accepts your kill.
You hit the jackal. You slash the jackal!
You kill the jackal!
Trog accepts your kill.
You closely miss the bat. You hit the jackal.
You kill the jackal!
Trog accepts your kill. The bat completely misses you.
The jackal closely misses you.
You have reached level 2!
Your demonic ancestry asserts itself...
Sharp spines emerge from parts of your body.
Are you sure you want to abandon this character and quit the game? (Confirm with "yes".)

....#.. ...
#.#...###.....
##.#.......... ..
#........^...# ...
#..........#.### ...
.###..............# ....
......†........##.##....
......h@b.....)##.....
......lr........#..###
.........#....#......#
#...#....####.###.#..###
#......... #..#..##....
#..#......# ...........#
#.........# .###.#####..
..#...$.#.# ..# ###
#.#...) . ####


You could see a jackal, a bat, a frilled lizard and a rat.

Vanquished Creatures
  A goblin (D:1)
  3 jackals (D:1)
  A kobold (D:1)
  A quokka (D:1)
6 creatures vanquished.

Notes
Turn   | Place    | Note
-------+----------+-------------------------------------------
     0 | D:1      | knot the Demonspawn Berserker began the quest for the Orb.
     0 | D:1      | Reached XP level 1. HP: 18/18 MP: 1/1
   132 | D:1      | Gained mutation: You are partially covered in sharp spines.
                  | [demonic ancestry]
   132 | D:1      | Reached XP level 2. HP: 24/24 MP: 2/2
   132 | D:1      | Quit the game

Illustrated notes

Levels and vault maps discovered:
D:1:      eino_arrival_cavern_d, layout_rooms, dreamdust_ecumenical_altar_grove

Skill      XL: |  1 |
---------------+----+-----
Axes           | 3 |  3.2
Fighting       | |  3.0
Armour         | |  1.7
Dodging        | |  1.7

Action                   || total
-------------------------++-------
Melee: Hand axe          ||    12
Invok: Berserk           ||     1
Armor: Animal skin       ||     4
Dodge: Dodged            ||    20

Table legend: (Time is in decaauts)
 A = Elapsed time spent in this place.
 B = Non-inter-level travel time spent in this place.
 C = Inter-level travel time spent in this place.
 D = Time resting spent in this place.
 E = Time spent auto-exploring this place.
 F = Levels seen in this place.
 G = Mean time per level.
                   A        B        C        D        E       F      G
               +--------+--------+--------+--------+--------+-----+--------+
         Total |    133 |    133 |      0 |      0 |    102 |   1 |  133.0 |
       Dungeon |    133 |    133 |      0 |      0 |    102 |   1 |  133.0 |
               +--------+--------+--------+--------+--------+-----+--------+

Top non-repeatable levels by time:
     D:1: 133 daAuts
